 Dungeon Crawl Stone Soup version 0.26-b1-32-g5d43845318 (webtiles) character file.

Game seed: 1461068482432142744

101441 Dirian the Severer (level 15, -4/141 HPs)
             Began as a Minotaur Fighter on Jan 8, 2021.
             Was the Champion of Makhleb.
             Slain by an orc warrior
             ... wielding a +3 glaive
             ... summoned by an orange crystal statue
              (14 damage)
             ... on level 1 of the Orcish Mines.
             The game lasted 00:36:38 (22092 turns).

Dirian the Severer (Minotaur Fighter)              Turns: 22092, Time: 00:36:39

Health: -4/141     AC: 23    Str: 29    XL:     15   Next: 83%
Magic:  1/21       EV:  7    Int: -6 (5) God:    Makhleb [******]
Gold:   1874       SH:  0    Dex: 17    Spells: 14/14 levels left

rFire    . . .     SeeInvis .   b - +9 broad axe (elec)
rCold    + . .     Faith    .   H - +1 kite shield {rPois}
rNeg     . . .     Spirit   .   y - +1 plate armour {rC+}
rPois    +         Reflect  .   (helmet restricted)
rElec    .         Harm     .   k - +0 cloak
rCorr    .         Rampage  .   P - +1 pair of gloves {Str+3}
Will     ++...                  j - +0 pair of boots
Stlth    ..........             A - amulet of the acrobat
HPRegen  0.33/turn              N - +6 ring of dexterity
MPRegen  0.17/turn              G - ring of willpower

@: confused, slowed, lost intelligence, very slow
A: retaliatory headbutt, horns 2
a: Renounce Religion, Minor Destruction, Lesser Servant of Makhleb, Major
Destruction, Greater Servant of Makhleb


You were on level 1 of the Orcish Mines.
You worshipped Makhleb.
Makhleb was exalted by your worship.
You visited 4 branches of the dungeon, and saw 23 of its levels.

You collected 1874 gold pieces.

Inventory:

Hand Weapons
 a - a +0 hand axe of flaming
 b - a +9 broad axe of electrocution (weapon)
 J - a +6 broad axe of freezing
Armour
 j - a +0 pair of boots (worn)
 k - a +0 cloak (worn)
 l - +0 ice dragon scales
 y - a +1 plate armour of cold resistance (worn)
 F - a +0 tower shield
 H - a +1 kite shield of poison resistance (worn)
 P - a +1 pair of gloves of strength (worn)
Jewellery
 c - the ring of Atheism {rPois MP+9}
   (You found it on level 15 of the Dungeon)

   [ring of magical power]

   It protects you from poison.
   It affects your magic capacity (+9).
 A - an amulet of the acrobat (around neck)
 G - a ring of willpower (right hand)
 N - a +6 ring of dexterity (left hand)
 O - the amulet "Fanum" {Inacc rElec Str-5 Dex-4 Stlth+}
   (You found it on level 12 of the Dungeon)

   [amulet of inaccuracy]

   It reduces the accuracy of all your attacks.
   It affects your strength (-5).
   It affects your dexterity (-4).
   It insulates you from electricity.
   It makes you more stealthy.
Wands
 K - a wand of disintegration (11)
 L - a wand of iceblast (11)
Scrolls
 e - a scroll of holy word
 g - 5 scrolls of magic mapping
 o - 3 scrolls of enchant armour
 t - 6 scrolls of teleportation
 x - 9 scrolls of remove curse
 z - 3 scrolls of blinking
 B - 4 scrolls of immolation
Potions
 d - 2 potions of might
 f - 5 potions of flight
 h - 4 potions of haste
 i - 5 potions of magic
 m - 3 potions of attraction
 n - 5 potions of resistance
 p - 6 potions of lignification
 q - 11 potions of curing
 s - 2 potions of berserk rage
 u - 4 potions of mutation
 v - 4 potions of ambrosia
 w - a potion of heal wounds
 C - 2 potions of brilliance
 I - 2 potions of cancellation


   Skills:
 + Level 15.4 Fighting
 - Level 20.0 Axes
 + Level 14.0 Armour
 + Level 12.1 Shields
 * Level 10.3 Invocations


You had 14 spell levels left.
You didn't know any spells.
Your spell library contained the following spells:

 Spells                   Type           Power        Failure   Level
 Animate Skeleton         Necr           0%           100%        1
 Apportation              Tloc           0%           100%        1
 Corona                   Hex            0%           100%        1
 Foxfire                  Conj/Fire      0%           100%        1
 Magic Dart               Conj           0%           100%        1
 Shock                    Conj/Air       0%           100%        1
 Sting                    Tmut/Pois      0%           100%        1
 Summon Small Mammal      Summ           0%           100%        1
 Ensorcelled Hibernation  Hex/Ice        0%           100%        2
 Poisonous Vapours        Pois/Air       0%           100%        2
 Searing Ray              Conj           0%           100%        2
 Slow                     Hex            0%           100%        2
 Swiftness                Air            0%           100%        2
 Wereblood                Tmut           0%           100%        2
 Confusing Touch          Hex            0%           100%        3
 Conjure Flame            Conj/Fire      0%           100%        3
 Dazzling Flash           Conj/Hex       0%           100%        3
 Gell's Gravitas          Tloc           0%           100%        3
 Ignite Poison            Fire/Tmut/Pois 0%           100%        3
 Inner Flame              Hex/Fire       0%           100%        3
 Mephitic Cloud           Conj/Pois/Air  0%           100%        3
 Portal Projectile        Hex/Tloc       0%           100%        3
 Static Discharge         Conj/Air       0%           100%        3
 Airstrike                Air            0%           100%        4
 Cause Fear               Hex            0%           100%        4
 Fulminant Prism          Conj/Hex       0%           100%        4
 Iskenderun's Mystic Bla  Conj/Tloc      0%           100%        4
 Leda's Liquefaction      Hex/Erth       0%           100%        4
 Olgreb's Toxic Radiance  Pois           0%           100%        4
 Petrify                  Tmut/Erth      0%           100%        4
 Bolt of Magma            Conj/Fire/Erth 0%           100%        5
 Borgnjor's Vile Clutch   Necr/Erth      0%           100%        5
 Iskenderun's Battlesphe  Conj           0%           100%        5
 Lightning Bolt           Conj/Air       0%           100%        5
 Metabolic Englaciation   Hex/Ice        0%           100%        5
 Silence                  Hex/Air        0%           100%        5
 Yara's Violent Unravell  Hex/Tmut       0%           100%        5
 Freezing Cloud           Conj/Ice/Air   0%           100%        6
 Iron Shot                Conj/Erth      0%           100%        6
 Shadow Creatures         Summ           N/A          100%        6
 Dragon Form              Tmut           0%           100%        7
 Orb of Destruction       Conj           0%           100%        7
 Spellforged Servitor     Conj/Summ      0%           100%        7
 Dragon's Call            Summ           0%           100%        9


Dungeon Overview and Level Annotations

Branches:
Dungeon (15/15)            Temple (1/1) D:5            Lair (6/6) D:9
 Shoals (0/4) Lair:4       Spider (0/4) Lair:2        Slime (0/5) Lair:5
    Orc (1/2) D:11         Vaults (0/5) D:14         Depths (0/5) D:15

Altars:
Ashenzari
Cheibriados
Dithmenos
Elyvilon
Fedhas
Gozag
Hepliaklqana
Kikubaaqudgha
Makhleb
Nemelex Xobeh
Okawaru
Qazlal
Ru
Sif Muna
Trog
Uskayaw
Vehumet
Wu Jian
Xom
Yredelemnul
Zin
The Shining One
Beogh
Jiyva

Shops:
D:5 :

Annotations:
Orc:1 2 transporters, 1 runed translucent door, exclusion: 3 orange crystal statues


Innate Abilities, Weirdness & Mutations

You reflexively headbutt those who attack you in melee.
You have a pair of horns on your head.


Message History

Something tries to feed on your intellect!
Something hits you but does no damage.
You're too confused to move!
The orc hits you but does no damage.
The orc wizard hits you but does no damage.
The orc hits you with a +0 flail.
* * * LOW HITPOINT WARNING * * *
The orc warrior hits you from afar with a +3 glaive.
* * * LOW HITPOINT WARNING * * *
Something hits you but does no damage. The orc hits you but does no damage. x2
You slice the orc!!
You kill the orc!
The orc's corpse dissolves into shadows!
You hit the orc. You slash the orc wizard! You hit the orc.
You closely miss something.
The orc wizard hits you but does no damage.
Something hits you.
* * * LOW HITPOINT WARNING * * *
The orc barely misses you.
The orc warrior hits you from afar with a +3 glaive!
You die...

##.........#####.......##
##...........# #......##
##............####..#..##
##...#########..##...>###
#....#8.....8#...#..###
###...#.#...#.#......#
#.#...#.......#......###
##....+...[ooo'.....##.##
##...#....oo@#...###...#
##..#.#...#{#..#####..##
##.#8....oo#.##.#.#...##
#.#########.#.........## #
#...........##.........###
###.......###...........##
#...###.###............#.
##...###.#...............
#.....#...#).............


You could see 3 orange crystal statues, an orc warrior (summoned), an orc wizard
(summoned) and 5 orcs.

Vanquished Creatures
  Jorgrun (D:15)
  A frost giant (D:15)
  The ghost of trm the Fighter, a journeyman DsCj of Gozag (D:11)
  A fire dragon (D:15)
  Harold (Orc:1)
  8 hydras
  A catoblepas (Lair:6)
  The ghost of p0werm0de the Fighter, a journeyman GrCK of Xom (Lair:1)
  A death knight (D:12)
  4 two-headed ogres
  2 dancing weapons (D:14)
  2 tengu warriors (D:14)
  15 death yaks
  5 centaur warriors
  A queen ant (Lair:3)
  The ghost of hittemvvvhard the Fighter, a novice FoAM of Okawaru (D:10)
  A deep troll shaman (Lair:6)
  2 orc high priests (Orc:1)
  Sonja (Lair:3)
  A deep elf knight (D:12)
  Nergalle (Orc:1)
  4 unseen horrors
  An orange crystal statue (Orc:1)
  An orc knight (D:13)
  2 lindwurms (Lair:6)
  2 orc sorcerers (Orc:1)
  12 ugly things
  5 deep elf magi
  4 manticores
  3 cyclopes
  23 elephants
  4 black mambas
  A kobold demonologist (D:14)
  A gargoyle (D:12)
  6 cane toads
  2 rime drakes
  2 efreet
  9 komodo dragons
  6 yaktaurs (D:15)
  2 meliai (D:12)
  7 polar bears
  7 trolls
  A tengu conjurer (D:14)
  7 blink frogs
  7 slime creatures
  Prince Ribbit (D:5)
  6 dream sheep (Lair:5)
  A redback (Lair:2)
  3 shadows
  A centaur simulacrum (D:15)
  10 wraiths
  Eustachio (D:5)
  32 yaks
  4 fire bats (D:13)
  2 steam dragons (D:9)
  6 wyverns
  A redback simulacrum (D:15)
  5 basilisks
  5 vampire mosquitoes
  Menkaure (D:7)
  2 wargs
  2 acid dragons
  6 soldier ants
  10 water moccasins
  A hell hound (D:13)
  2 black bears
  3 sky beasts
  23 orc warriors
  4 ice beasts
  12 ogres
  5 phantoms
  14 centaurs
  16 wolves
  A big kobold (D:13)
  26 bullfrogs
  2 wyvern zombies (D:12)
  A water moccasin zombie (D:7)
  4 scorpions
  19 killer bees
  13 wights
  5 howler monkeys
  2 lava snakes (D:13)
  3 bullfrog zombies (D:12)
  A quasit (D:8)
  8 centaur zombies
  4 jellies
  2 bullfrog skeletons
  4 centaur skeletons
  9 hounds
  22 orc priests
  25 orc wizards
  12 iguanas
  A hell rat (Lair:1)
  32 worker ants
  2 hound skeletons (D:5)
  A howler monkey zombie (D:6)
  A howler monkey skeleton (D:6)
  2 worker ant zombies
  23 adders
  4 white imps
  3 ufetubi
  An ooze (D:5)
  An adder skeleton (D:6)
  4 worms
  4 dart slugs
  6 leopard geckos
  98 orcs
  5 giant cockroaches
  8 hobgoblins
  18 jackals
  3 quokkas
  9 ball pythons
  5 bats
  5 frilled lizards
  3 goblins
  2 goblin zombies (D:8)
  5 hobgoblin zombies (D:8)
  10 kobolds
  A kobold skeleton (D:8)
  2 kobold zombies (D:8)
  A leopard gecko zombie (D:8)
  An orc skeleton (D:8)
  2 orc zombies (D:8)
  A quokka zombie (D:6)
  9 rats
  2 fire vortices (D:13)
788 creatures vanquished.

Vanquished Creatures (others)
  An unseen horror (D:12)
  An orc wizard (D:13)
  A bush (Lair:1)
  A fire vortex (D:13)
  10 fungi
  21 plants
35 creatures vanquished.

Grand Total: 823 creatures vanquished

Notes
Turn   | Place    | Note
-------+----------+-------------------------------------------
     0 | D:1      | Dirian the Minotaur Fighter began the quest for the Orb.
     0 | D:1      | Reached XP level 1. HP: 19/19 MP: 0/0
   213 | D:1      | Reached XP level 2. HP: 27/27 MP: 1/1
   652 | D:2      | Reached skill level 3 in Axes
   697 | D:2      | Reached XP level 3. HP: 33/33 MP: 2/2
   859 | D:2      | Reached skill level 4 in Axes
   859 | D:2      | Reached XP level 4. HP: 40/40 MP: 3/3
  1337 | D:2      | Found a broken altar of Ashenzari.
  1678 | D:3      | Reached XP level 5. HP: 24/47 MP: 4/4
  2235 | D:3      | Reached skill level 5 in Axes
  2458 | D:3      | Found a shadowy altar of Dithmenos.
  2473 | D:3      | Found an ancient bone altar of Kikubaaqudgha.
  2506 | D:3      | Reached skill level 5 in Shields
  2823 | D:4      | Reached XP level 6. HP: 53/53 MP: 5/5
  2857 | D:4      | Reached skill level 5 in Armour
  2887 | D:4      | Reached skill level 6 in Axes
  2889 | D:4      | Got a polished ring mail
  2993 | D:4      | Found a snail-covered altar of Cheibriados.
  3278 | D:4      | Reached XP level 7. HP: 60/60 MP: 6/6
  3289 | D:4      | Reached skill level 5 in Fighting
  3361 | D:4      | Reached skill level 7 in Axes
  3459 | D:4      | Identified the +9 ring mail of the Abyss {Harm Str+2} (You
                  | found it on level 4 of the Dungeon)
  3481 | D:5      | Entered Level 5 of the Dungeon
  3523 | D:5      | Found Xissuez's Book Shop.
  3788 | D:5      | Reached skill level 8 in Axes
  3864 | D:5      | Noticed Eustachio
  3873 | D:5      | Reached skill level 9 in Axes
  3873 | D:5      | Reached XP level 8. HP: 69/69 MP: 7/7
  3879 | D:5      | Killed Eustachio
  4004 | D:5      | Found a staircase to the Ecumenical Temple.
  4112 | D:5      | Noticed Prince Ribbit
  4116 | D:5      | Killed Prince Ribbit
  4117 | D:5      | Reached skill level 10 in Axes
  4208 | Temple   | Entered the Ecumenical Temple
  4229 | Temple   | Became a worshipper of Makhleb the Destroyer
  4857 | D:6      | Reached skill level 11 in Axes
  4889 | D:6      | Reached XP level 9. HP: 75/78 MP: 8/8
  5183 | D:6      | Reached * piety under Makhleb
  5315 | D:7      | Found a radiant altar of Vehumet.
  5356 | D:7      | Noticed a troll
  5365 | D:7      | Killed a troll
  5366 | D:7      | Reached skill level 12 in Axes
  5597 | D:7      | Found a white marble altar of Elyvilon.
  5770 | D:7      | Noticed Menkaure
  5777 | D:7      | Killed Menkaure
  5925 | D:7      | Found a basalt altar of Yredelemnul.
  6333 | D:8      | Reached skill level 13 in Axes
  6576 | D:8      | Found a glowing golden altar of the Shining One.
  6588 | D:8      | Reached ** piety under Makhleb
  6741 | D:8      | Reached XP level 10. HP: 85/89 MP: 9/9
  7293 | D:9      | Found a stormy altar of Qazlal.
  7383 | D:9      | Reached *** piety under Makhleb
  7756 | D:9      | Reached skill level 14 in Axes
  8069 | D:9      | Found a staircase to the Lair.
  8436 | D:10     | Entered Level 10 of the Dungeon
  8687 | D:10     | Found a shimmering altar of Xom.
  8687 | D:10     | Noticed hittemvvvhard's ghost (novice FoAM)
  8687 | D:10     | Noticed a +4 halberd of chaos
  8688 | D:10     | Found a runed translucent door.
  8887 | D:10     | Noticed a two-headed ogre
  8895 | D:10     | Killed a two-headed ogre
  9168 | D:10     | Killed hittemvvvhard's ghost
  9169 | D:10     | Reached skill level 15 in Axes
  9544 | Lair:1   | Entered Level 1 of the Lair of Beasts
  9623 | Lair:1   | Noticed a cane toad
  9632 | Lair:1   | Killed a cane toad
  9633 | Lair:1   | Reached XP level 11. HP: 97/97 MP: 10/10
  9680 | Lair:1   | Found a runed translucent gate.
  9682 | Lair:1   | Reached **** piety under Makhleb
  9694 | Lair:1   | Found a runed translucent gate.
  9695 | Lair:1   | Found a runed translucent gate.
  9695 | Lair:1   | Noticed p0werm0de's ghost (journeyman GrCK)
  9855 | Lair:1   | Noticed an eight-headed hydra
  9867 | Lair:1   | Killed a two-headed hydra
  9868 | Lair:1   | Reached skill level 10 in Fighting
 10154 | Lair:1   | Reached skill level 10 in Armour
 10255 | Lair:1   | Reached skill level 16 in Axes
 10511 | Lair:1   | Killed p0werm0de's ghost
 10512 | Lair:1   | Reached skill level 1 in Invocations
 10645 | Lair:1   | Got a twisted ring mail
 10655 | Lair:1   | Identified the +4 ring mail of Eremnota {Int+3} (You found
                  | it on level 1 of the Lair of Beasts)
 11240 | Lair:2   | Found a hole to the Spider Nest.
 11501 | Lair:2   | Noticed a seven-headed hydra
 11509 | Lair:2   | Killed a two-headed hydra
 11510 | Lair:2   | Reached XP level 12. HP: 93/108 MP: 13/13
 11938 | Lair:3   | Noticed a queen ant
 11951 | Lair:3   | Killed a queen ant
 11951 | Lair:3   | Reached ***** piety under Makhleb
 12286 | Lair:3   | Noticed a six-headed hydra
 12297 | Lair:3   | Killed a two-headed hydra
 12363 | Lair:3   | Noticed a death yak
 12363 | Lair:3   | Noticed a death yak
 12363 | Lair:3   | Noticed a death yak
 12365 | Lair:3   | Noticed a death yak
 12365 | Lair:3   | Noticed a death yak
 12375 | Lair:3   | Killed a death yak
 12376 | Lair:3   | Reached skill level 17 in Axes
 12384 | Lair:3   | Killed a death yak
 12507 | Lair:3   | Killed a death yak
 12511 | Lair:3   | Killed a death yak
 12519 | Lair:3   | Killed a death yak
 12647 | Lair:3   | Noticed Sonja
 12657 | Lair:3   | Killed Sonja
 12968 | Lair:3   | Reached skill level 5 in Invocations
 13225 | Lair:3   | Noticed a death yak
 13225 | Lair:3   | Noticed a death yak
 13225 | Lair:3   | Noticed a death yak
 13227 | Lair:3   | Noticed a death yak
 13230 | Lair:3   | Noticed a death yak
 13231 | Lair:3   | Killed a death yak
 13235 | Lair:3   | Killed a death yak
 13238 | Lair:3   | Killed a death yak
 13242 | Lair:3   | Killed a death yak
 13244 | Lair:3   | Killed a death yak
 13245 | Lair:3   | Reached XP level 13. HP: 118/118 MP: 14/16
 13380 | Lair:4   | Found a staircase to the Shoals.
 14019 | Lair:5   | Found a viscous altar of Jiyva.
 14019 | Lair:5   | Found a staircase to the Slime Pits.
 14168 | Lair:5   | Reached skill level 18 in Axes
 14669 | Lair:6   | Entered Level 6 of the Lair of Beasts
 15027 | Lair:6   | Reached ****** piety under Makhleb
 15182 | Lair:6   | Reached XP level 14. HP: 127/127 MP: 18/18
 15197 | Lair:6   | Reached skill level 19 in Axes
 15838 | D:11     | Found the +5 scythe "Finisher" {speed, eviscerate}
 15888 | D:11     | Identified the +7 chain mail of the Mackerel {Rampage Dex+4
                  | Stlth-}
 16073 | D:11     | Found a staircase to the Orcish Mines.
 16642 | D:11     | Found a runed translucent gate.
 16642 | D:11     | Found a runed translucent gate.
 16642 | D:11     | Found a runed translucent gate.
 16642 | D:11     | Noticed trm's ghost (journeyman DsCj)
 16731 | D:11     | Killed trm's ghost
 16742 | D:11     | Identified the +6 scimitar of the Tundras {freeze, *Contam
                  | rC+ Dex+4} (You found it on level 11 of the Dungeon)
 16900 | D:12     | Identified the +7 long sword of Division {freeze, rElec}
                  | (You found it on level 12 of the Dungeon)
 17487 | D:12     | Got a scorched zirconium amulet
 18540 | D:12     | Identified the +0 ring mail of Pride {Will+} (You found it
                  | on level 12 of the Dungeon)
 18541 | D:12     | Identified the amulet "Fanum" {Inacc rElec Str-5 Dex-4
                  | Stlth+} (You found it on level 12 of the Dungeon)
 18655 | D:13     | Reached skill level 20 in Axes
 18675 | D:13     | Reached skill level 10 in Shields
 18821 | D:13     | Identified the Incunabulum of Displaced Transmigration
 19071 | D:13     | Reached XP level 15. HP: 75/138 MP: 20/20
 19912 | D:14     | Found a gate to the Vaults.
 20387 | D:15     | Entered Level 15 of the Dungeon
 20597 | D:15     | Got a shimmering gossamer ring
 20635 | D:15     | Reached skill level 15 in Fighting
 20672 | D:15     | Noticed Jorgrun
 20700 | D:15     | HP: 1/141 [Jorgrun/+0 vorpal quarterstaff (16)]
 20704 | D:15     | Killed Jorgrun
 20705 | D:15     | Reached skill level 10 in Invocations
 21160 | D:15     | Found a staircase to the Depths.
 21160 | D:15     | Noticed a frost giant
 21164 | D:15     | Killed a frost giant
 21367 | D:15     | Identified the ring of Atheism {rPois MP+9} (You found it
                  | on level 15 of the Dungeon)
 21471 | Orc:1    | Entered Level 1 of the Orcish Mines
 21471 | Orc:1    | Noticed Nergalle
 21490 | Orc:1    | Killed Nergalle
 21533 | Orc:1    | Noticed Harold
 21535 | Orc:1    | Found a transporter.
 21542 | Orc:1    | Killed Harold
 21590 | Orc:1    | Found the +10 tower shield of Ignorance {rN+ Int-4}
 21597 | Orc:1    | Found a runed translucent door.
 21728 | Orc:1    | Found a runed translucent door.
 21858 | Orc:1    | Found a roughly hewn altar of Beogh.
 21858 | Orc:1    | Found a transporter.
 22061 | Orc:1    | Lost intelligence.
 22092 | Orc:1    | Slain by an orc warrior

Illustrated notes

Levels and vault maps discovered:
D:1:      eino_arrival_water_star, layout_rooms
D:2:      minmay_skewed_foursquare, layout_basic, general_overflow_altar
D:3:      layout_loops_ring, amethyst_overflow_temple_binary,
          minmay_snake_closets
D:4:      layout_basic, old_standard_altar
D:5:      layout_rooms, temple_doors_e, serial_shops, shop, dk_noncrumbling_4,
          uniq_eustachio, uniq_prince_ribbit1
D:6:      layout_loops_corners, feat_on_display
D:7:      layout_rooms, kennysheep_ying_yang, old_standard_altar,
          minmay_misc_feat_alley, uniq_menkaure
D:8:      layout_loops_corners, nicolae_tso_besieged_by_evil
D:9:      layout_basic, lemuel_coloured_pillars_altar, erik_lair_dragon,
          minivault_25
D:10:     layout_irregular_city, ebering_ghost_xom
D:11:     layout_loops_ring, hiddenorc2_lemuel, gammafunk_ghost_hydra_chop,
          hangedman_decor_points, minmay_guarded_unrand_finisher
D:12:     minmay_spiral_squares, layout_loops_corners, eino_jars
D:13:     layout_gridville, hangedman_incinerator
D:14:     layout_long_grid, erik_vaults_1, amethyst_killhole
D:15:     grunt_enter_depths_snipers, layout_basic, interstate_on_off,
          uniq_jorgrun
Temple:   dshaligram_water_room_temple
Lair:1:   layout_gridlike, gammafunk_ghost_split
Lair:2:   layout_cave_pods, spider_nest_entry_webs
Lair:3:   layout_regular_city, ldierk_geyser, minmay_another_anthill,
          infiniplex_staircase_pool_2, uniq_sonja
Lair:4:   layout_hall_layers, minmay_shoals_entry_centaurs, serial_bayou_shore_b
Lair:5:   layout_hall_layers, dpeg_slime_entry_enclosed_altar
Lair:6:   grunt_lair_end_beastmaster, layout_misc_corridors
Orc:1:    gammafunk_beogh_shrine, layout_diamond_mine,
          chequers_guarded_unrand_ignorance, uniq_harold, uniq_nergalle

Skill      XL: |  1  2  3  4  5  6  7  8  9 10 11 12 13 14 15 |
---------------+----------------------------------------------+-----
Armour         | 4 5 6 7 9 10 11 12 13 14 | 14.0
Axes           | 3 4 5 6 9 11 13 15 16 17 18 20 | 20.0
Fighting       | 4 5 6 8 9 10 12 14 15 | 15.4
Shields        | 4 5 7 8 10 12 | 12.1
Invocations    | 3 5 7 9 10 | 10.3

Action                   |  1- 3 |  4- 6 |  7- 9 | 10-12 | 13-15 || total
-------------------------+-------+-------+-------+-------+-------++-------
Melee: War axe           |    91 |    16 |       |       |       ||   107
       Headbutt          |    10 |    29 |    46 |    90 |   244 ||   419
       Broad axe         |       |   137 |   217 |   420 |   908 ||  1682
       Hand axe          |       |       |       |    23 |    27 ||    50
Invok: Lesser Servant of |       |       |       |     5 |       ||     5
  Use: Scroll            |       |     8 |    13 |    10 |    19 ||    50
       Potion            |       |       |       |     5 |     7 ||    12
 Stab: Petrified         |       |       |       |       |     8 ||     8
       Petrifying        |       |       |       |       |     1 ||     1
Armor: Scale mail        |    44 |    45 |       |       |       ||    89
       Chain mail        |       |    20 |     8 |       |       ||    28
       Ring mail         |       |       |    52 |       |       ||    52
       Plate armour      |       |       |    25 |   160 |   408 ||   593
Dodge: Dodged            |    35 |    47 |    90 |   169 |   304 ||   645
Block: Kite shield       |    45 |    77 |   106 |   207 |   513 ||   948
